 Dungeon Crawl Stone Soup version bcrawl-1.12-11-gb93c957c58 (webtiles) character file.

Game seed: 7372131867347022351

57950 Chiseanne the Spry (level 14, 0/74 HPs)
             Began as a Spriggan Archaeologist on July 6, 2019.
             Was an Initiate of Gozag.
             Slain by a reaper
             ... wielding a +2 scythe of freezing
              (10 damage)
             ... in an ice cave on July 8, 2019.
             The game lasted 01:37:46 (21132 turns).

Chiseanne the Spry (Spriggan Archaeologist)        Turns: 21132, Time: 01:37:48

Health: 0/74       AC:  8    Str: 11    XL:     14   Next: 47%
Magic:  15/15      EV: 41    Int: 16    God:    Gozag
Gold:   2165       SH:  5    Dex: 22    Spells: 13/13 levels left

rFire    + . .     SeeInvis +   d - +10 morningstar "Eos" {elec, Halo rElec}
rCold    + . .     Gourm    .   (shield currently unavailable)
rNeg     . . .     Faith    .   Q - +1 robe {rC+}
rPois    .         Spirit   .   b - +1 hat
rElec    +         Reflect  +   u - scarf {cloud immunity}
rCorr    .         Harm     .   (gloves unavailable)
MR       ++...                  (boots unavailable)
Stlth    ++++......             y - +5 amulet of reflection
HPRegen  0.22/turn              R - ring of Uplig {+Inv rF+ Dex+2}
MPRegen  0.14/turn              r - +4 ring of protection

@: agile, gold aura, hasted, glowing, very quick
A: very small, unfitting armour, see invisible, herbivore, speed 3, slow
metabolism 2
a: Potion Petition, Call Merchant, Bribe Branch, Renounce Religion, Evoke
Invisibility


You were in an ice cave.
You worshipped Gozag.
Gozag was most pleased with you.
You were not hungry.

You visited 3 branches of the dungeon, and saw 18 of its levels.
You also visited: Sewer, Ossuary and Ice Cave.

You collected 8681 gold pieces.
You spent 3466 gold pieces at shops.
You paid 3050 gold pieces to Gozag.

Inventory:

Hand Weapons
 a - a +8 short sword of speed
 d - the +10 morningstar "Eos" (weapon) {elec, Halo rElec} Occasionally, upon striking a foe, it will discharge some electrical energy and cause terrible harm. It insulates you from electricity.
 o - a +1 quick blade of freezing
 q - a +0 blowgun
 s - the +8 spear of Lodep {venom, rC+}
   (You bought it in a shop on level 5 of the Dungeon)

   It poisons the flesh of those it strikes.
   It protects you from cold.
 w - the +6 hand crossbow of the Present {penet, Str+2 Int-5 Stlth+}
   (You bought it in a shop on level 12 of the Dungeon)

   Ammo fired by it will pass through the targets it hits, potentially hitting
   all targets in its path until it reaches maximum range.
   It affects your strength (+2).
   It affects your intelligence (-5).
   It makes you more stealthy.
 A - the cursed +1 short sword of Xetedd {antimagic, MR+ Int+6 Dex-2}
   (You found it on level 1 of the Lair of Beasts)

   It reduces the magical energy of the wielder, and disrupts the spells and
   magical abilities of those hit.
   Natural abilities and divine invocations are not affected.
   It affects your intelligence (+6).
   It affects your dexterity (-2).
   It affects your resistance to hostile enchantments.
   It has a curse placed upon it.
 C - the +11 flail of the Pariah {flame, MR+}
   (You found it on level 11 of the Dungeon)

   It has been specially enchanted to burn those struck by it, causing extra
   injury to most foes and up to half again as much damage against particularly
   susceptible opponents.
   It affects your resistance to hostile enchantments.
Missiles
 p - 556 bolts
 D - 80 sling bullets
 W - 63 curare-tipped needles
Armour
 b - a +1 hat (worn)
 u - a scarf of cloud immunity (worn)
 Q - a +1 robe of cold resistance (worn)
Jewellery
 f - an uncursed ring of protection from cold
 r - a +4 ring of protection (right hand)
 v - an uncursed ring of resist corrosion
 y - a +5 amulet of reflection (around neck)
 J - a +3 ring of dexterity
 R - the ring of Uplig (left hand) {+Inv rF+ Dex+2}
   (You bought it in a shop on level 10 of the Dungeon)

   [ring of protection from fire]

   It affects your dexterity (+2).
   It protects you from fire.
   It lets you turn invisible.
 S - an uncursed ring of positive energy
 T - an uncursed amulet of regeneration
 X - an uncursed ring of protection from magic {unknown}
 Z - an uncursed ring of insulation {unknown}
Wands
 P - a wand of flame (41)
 V - a wand of digging (4)
Scrolls
 c - 11 scrolls of teleportation
 h - 3 scrolls of blinking
 t - 4 scrolls of enchant armour
 x - 11 scrolls of remove curse
 E - a scroll of summoning
 G - a scroll of magic mapping
 K - 6 scrolls of immolation
 N - 2 scrolls of amnesia
 U - 3 scrolls of fog
Potions
 e - 7 potions of flight
 i - 7 potions of ambrosia
 j - 14 potions of curing
 k - a potion of magic {unknown}
 l - 3 potions of mutation
 m - a potion of invisibility {unknown}
 n - 4 potions of lignification
 z - 8 potions of haste
 B - a potion of berserk rage
 F - a potion of brilliance
 H - a potion of heal wounds
 I - 2 potions of agility
 L - a potion of cancellation {unknown}
 M - a potion of might {unknown}
 O - a potion of resistance {unknown}
Comestibles
 g - 31 rations {!d}


   Skills:
 * Level 8.3 Fighting
 - Level 11.0 Maces & Flails
 * Level 6.5 Crossbows
 * Level 18.8 Dodging
 * Level 18.4 Stealth


You had 13 spell levels left.
You didn't know any spells.
Your spell library contained the following spells:

 Spells                   Type           Power        Failure   Level  Hunger
 Beastly Appendage        Tmut           #.....       26%         1    ##.....
 Corona                   Hex            #......      26%         1    ##.....
 Sandblast                Erth           #.....       26%         1    ##.....
 Ensorcelled Hibernation  Hex/Ice        #.....       36%         2    ###....
 Passwall                 Tmut/Erth      #.......     36%         2    ###....
 Sticks to Snakes         Tmut           #.......     36%         2    ###....
 Confuse                  Hex            #.......     58%         3    ####...
 Dazzling Spray           Conj/Hex       #.....       58%         3    ####...
 Spider Form              Tmut/Pois      #.........   58%         3    ####...
 Stone Arrow              Conj/Erth      #.....       58%         3    ####...
 Tukima's Dance           Hex            #.......     58%         3    ####...
 Ice Form                 Ice/Tmut       #.......     94%         4    #####..
 Petrify                  Tmut/Erth      #.......     94%         4    #####..
 Blade Hands              Tmut           #.........   100%        5    ######.
 Lee's Rapid Deconstruct  Erth           #.........   100%        5    ######.


Dungeon Overview and Level Annotations

Branches:
Dungeon (12/12)            Temple (1/1) D:4            Lair (5/6) D:8
  Swamp (0/3) Lair:3        Snake (0/3) Lair:2          Orc (0/1) D:11
 Vaults (0/3) D:12         Depths (0/5) D:12
  Slime: Lair:5-6

Altars:
Ashenzari
Cheibriados
Dithmenos
Elyvilon
Fedhas
Gozag
Hepliaklqana
Kikubaaqudgha
Lugonu
Makhleb
Nemelex Xobeh
Okawaru
Qazlal
Ru
Sif Muna
Trog
Uskayaw
Vehumet
Wu Jian
Xom
Yredelemnul
Zin
The Shining One
Beogh

Shops:
D:5 ((=   D:8 (   D:10 =   D:12 *

Annotations:
D:7 3 runed translucent doors, Freyura's ghost, novice DsGl
Lair:4 exclusion: 2 oklob plants IceCv exclusion: ice statue


Innate Abilities, Weirdness & Mutations

You are very small and have problems with some larger weapons.
You are too small for most types of armour.
You have supernaturally acute eyesight. (SInv)
You are a herbivore.
You cover ground extremely quickly.
You need to consume almost no food.


Message History

The ice devil closely misses you. The ice devil completely misses you.
An ice devil comes into view.
You barely miss the ice devil.
The ice devil is severely wounded.
The reaper misses you. The ice devil hits you. The ice devil freezes you.
You resist. The ice devil misses you.
You sock the ice devil!
Lightning courses through the ice devil!
You kill the ice devil!
You puncture the ice devil!
The ice devil is moderately wounded.
The ice devil misses you.
You hit the ice devil but do no damage.
The ice devil is moderately wounded.
The reaper hits you from afar with a +2 scythe of freezing!!!
Ouch! That really hurt!
* * * LOW HITPOINT WARNING * * *
The reaper freezes you!
You die...
Your body crumbles into a pile of gold.

##.###...# #§§§§○..
#..####.§###○§°○§§§
##..#.)##§§#.§○§§#§#
#..##...##§§§○§.##§# .
##..#....##☼○§§###§§#..
#..##....###§§§#.§.....
#..#....## #☼§.#.......
#..##.#.## #..$#...####
$ #...###..#
#..4@$2..... ##..##...#
#..#..4..... #.......#
##.##..#$#.. ##...#..#
#.. .## # ##..#..##
#.4..# ####...# ##..##
##..# $$○ #...## #.§°
##...# .☼§§


You could see a reaper and 2 ice devils.

Vanquished Creatures
  Rupert (Lair:3)
  Snorg (Lair:5)
  Fannar (D:10)
  4 hydras
  A vault guard (D:12)
  A catoblepas (Lair:4)
  A centaur warrior (D:11)
  A death knight (D:12)
  2 ogre magi (D:12)
  10 two-headed ogres
  Urug (Lair:1)
  Sonja (Lair:3)
  3 skeletal warriors (D:12)
  A shadow wraith (D:12)
  A deep troll (D:12)
  A lindwurm (D:12)
  Pikel (D:5)
  A cyclops (D:12)
  2 wolf spiders
  2 ugly things
  4 manticores
  2 black mambas (Lair:1)
  2 elephants (Lair:3)
  A torpor snail (Lair:2)
  An ice statue (IceCv)
  5 cane toads
  2 gargoyles
  2 rime drakes (Lair:5)
  2 freezing wraiths
  7 komodo dragons
  2 ice devils (IceCv)
  2 tengu conjurers (D:11)
  A queen bee (D:9)
  A jumping spider (shapeshifter) (D:12)
  4 trolls
  4 polar bears (Lair:2)
  A hornet (D:9)
  A polar bear (shapeshifter) (D:12)
  Prince Ribbit (D:5)
  5 blink frogs (Lair:5)
  8 hippogriffs
  A bog body (Lair:3)
  6 dream sheep (Lair:3)
  12 slime creatures (D:12)
  2 shadows
  23 yaks
  3 basilisks
  2 hungry ghosts
  2 steam dragons (D:8)
  2 nagas (Lair:2)
  An acid dragon (D:11)
  4 water moccasins
  2 porcupines
  4 sky beasts
  Purgy (D:3)
  3 ice beasts
  5 orc warriors
  3 phantoms
  An eye of draining (D:11)
  4 slaves (D:5)
  6 black bears
  4 centaurs
  8 ogres
  4 wolves (Lair:4)
  9 crocodiles
  13 bullfrogs
  7 big kobolds
  A wyvern skeleton (D:7)
  6 scorpions
  16 killer bees
  8 wights
  An electric eel (Lair:4)
  5 centaur zombies
  10 crimson imps
  A quasit (D:8)
  2 hounds (D:8)
  11 orc priests
  6 centaur skeletons
  A human zombie (Ossuary)
  4 bullfrog skeletons
  A jelly (D:9)
  15 orc wizards
  Jessica (D:3)
  Ijyb (D:3)
  An iguana (D:12)
  8 worker ants
  A big kobold zombie (Ossuary)
  A hound skeleton (D:8)
  3 mummies (Ossuary)
  A worker ant zombie (D:9)
  2 river rats (Sewer)
  12 adders
  4 shadow imps
  10 white imps
  6 ufetubi (IceCv)
  3 oozes
  An adder zombie (D:8)
  An adder skeleton (D:7)
  3 worms
  2 dart slugs
  5 leopard geckos
  61 orcs
  A ball python (Sewer)
  8 bats
  3 giant cockroaches
  6 goblins
  6 hobgoblins
  46 kobolds
  3 quokkas
  2 frilled lizards
  3 gnoll zombies (Ossuary)
  A goblin zombie (Ossuary)
  A kobold zombie (Ossuary)
  A quokka skeleton (D:2)
  A quokka zombie (D:5)
  9 rats
533 creatures vanquished.

Vanquished Creatures (collateral kills)
  3 elephants (Lair:3)
  A bog body (Lair:3)
  3 dream sheep (Lair:3)
7 creatures vanquished.

Vanquished Creatures (others)
  2 white imps (IceCv)
  6 ufetubi (IceCv)
  An orc (D:11)
  2 kobolds (D:8)
  A fungus (Lair:5)
  2 plants (D:1)
14 creatures vanquished.

Grand Total: 554 creatures vanquished

Notes
Turn   | Place    | Note
-------+----------+-------------------------------------------
     0 | D:1      | Chiseanne the Spriggan Archaeologist began the quest for
                  | the Orb.
     0 | D:1      | Reached XP level 1. HP: 9/9 MP: 2/2
   133 | D:1      | Reached skill level 5 in Stealth
   421 | D:1      | Reached XP level 2. HP: 11/14 MP: 3/3
   539 | D:1      | Reached skill level 1 in Fighting
   629 | D:1      | Reached skill level 5 in Dodging
  1103 | D:1      | Reached XP level 3. HP: 18/18 MP: 4/4
  1354 | D:2      | Reached skill level 1 in Maces & Flails
  2367 | D:3      | Noticed Jessica
  2592 | D:3      | Reached XP level 4. HP: 22/22 MP: 5/5
  2610 | D:3      | Found a hide-covered altar of Uskayaw.
  2612 | D:3      | Noticed a +0 hand axe
  2613 | D:3      | Noticed a +0 hand axe
  2615 | D:3      | Killed Jessica
  2660 | D:3      | Noticed Ijyb
  2701 | D:3      | Killed Ijyb
  2768 | D:3      | Noticed Purgy
  2841 | D:3      | Killed Purgy
  2841 | D:3      | Reached skill level 5 in Maces & Flails
  2841 | D:3      | Reached XP level 5. HP: 20/25 MP: 6/6
  3034 | D:4      | Reached XP level 6. HP: 30/30 MP: 7/7
  3168 | D:4      | Found a glowing drain.
  3177 | Sewer    | Entered a sewer
  3490 | Sewer    | Reached XP level 7. HP: 30/35 MP: 8/8
  3777 | D:4      | Found a sand-covered staircase.
  3786 | Ossuary  | Entered an ossuary
  4284 | D:4      | Found a staircase to the Ecumenical Temple.
  4319 | Temple   | Entered the Ecumenical Temple
  4590 | Temple   | Became a worshipper of Gozag Ym Sagoz the Greedy
  4759 | D:4      | Reached XP level 8. HP: 40/40 MP: 9/9
  4964 | D:4      | Found a sacrificial altar of Ru.
  5051 | D:5      | Entered Level 5 of the Dungeon
  5104 | D:5      | Noticed Pikel
  5104 | D:5      | Noticed a hippogriff
  5120 | D:5      | Killed a hippogriff
  5142 | D:5      | Killed Pikel
  5348 | D:5      | Noticed Prince Ribbit
  5389 | D:5      | Killed Prince Ribbit
  5447 | D:5      | Found a radiant altar of Vehumet.
  5500 | D:5      | Identified 3 scrolls of acquirement
  5521 | D:5      | Bought a +6 short sword of speed for 533 gold pieces
  5521 | D:5      | Bought the +8 spear of Lodep {venom, rC+} for 748 gold
                  | pieces
  5565 | D:5      | Reached XP level 9. HP: 46/46 MP: 10/10
  5573 | D:5      | Found an opulent altar of Gozag.
  5618 | D:5      | Found an iron altar of Okawaru.
  5911 | D:5      | Found a hazy altar of Hepliaklqana.
  5911 | D:5      | Found a basalt altar of Yredelemnul.
  6069 | D:6      | Reached skill level 5 in Fighting
  6072 | D:6      | Reached skill level 10 in Dodging
  6167 | D:6      | Found a shadowy altar of Dithmenos.
  6412 | D:6      | Found a glowing silver altar of Zin.
  6702 | D:6      | Found a shimmering altar of Xom.
  6704 | D:6      | Found a shimmering altar of Xom.
  6704 | D:6      | Found a sparkling altar of Nemelex Xobeh.
  6706 | D:6      | Found a burning altar of Makhleb.
  6706 | D:6      | Found a shimmering altar of Xom.
  6706 | D:6      | Found a glowing silver altar of Zin.
  7063 | D:7      | Noticed Freyura's ghost (novice DsGl)
  7097 | D:7      | Found a runed translucent gate.
  7106 | D:7      | Found a runed translucent gate.
  7106 | D:7      | Found a runed translucent gate.
  7459 | D:7      | Reached XP level 10. HP: 43/52 MP: 11/11
  8039 | D:8      | Found a corrupted altar of Lugonu.
  8181 | D:8      | Found Heraa's Antique Weapon Emporium.
  8523 | D:8      | Found a staircase to the Lair.
  8966 | D:8      | Found a roughly hewn altar of Beogh.
  9076 | D:8      | Reached skill level 10 in Stealth
  9820 | D:9      | Noticed a two-headed ogre
  9839 | D:9      | Killed a two-headed ogre
  9839 | D:9      | Reached XP level 11. HP: 46/56 MP: 12/12
 10407 | D:10     | Entered Level 10 of the Dungeon
 10407 | D:10     | Noticed a two-headed ogre
 10419 | D:10     | Killed a two-headed ogre
 10543 | D:10     | Noticed Fannar
 10565 | D:10     | Killed Fannar
 11022 | D:10     | Noticed a two-headed ogre
 11028 | D:10     | Killed a two-headed ogre
 11188 | D:10     | Noticed a wolf spider
 11198 | D:10     | Killed a wolf spider
 11265 | D:10     | Bought a cursed ring of teleportation for 63 gold pieces
 11268 | D:10     | Bought the ring of Uplig {+Inv rF+ Dex+2} for 604 gold
                  | pieces
 11276 | D:10     | Bought an uncursed ring of positive energy for 280 gold
                  | pieces
 11312 | D:11     | Reached skill level 10 in Maces & Flails
 11376 | D:11     | Reached skill level 15 in Dodging
 11625 | D:11     | Noticed a centaur warrior
 11651 | D:11     | Killed a centaur warrior
 11651 | D:11     | Reached XP level 12. HP: 49/60 MP: 13/13
 12226 | D:11     | Found a staircase to the Orcish Mines.
 12602 | D:11     | Got a crystal flail
 12610 | D:11     | Identified the +11 flail of the Pariah {flame, MR+} (You
                  | found it on level 11 of the Dungeon)
 12930 | D:12     | Entered Level 12 of the Dungeon
 13694 | D:12     | Reached skill level 15 in Stealth
 13723 | D:12     | Noticed a four-headed hydra
 13724 | D:12     | Found a staircase to the Depths.
 13744 | D:12     | Killed a four-headed hydra
 13982 | D:12     | Noticed a two-headed ogre
 14001 | D:12     | Noticed an ogre mage
 14001 | D:12     | Noticed a two-headed ogre
 14001 | D:12     | Noticed a two-headed ogre
 14005 | D:12     | Noticed a two-headed ogre
 14056 | D:12     | a two-headed ogre changed into a manticore
 14143 | D:12     | Killed a two-headed ogre
 14719 | D:12     | Noticed a two-headed ogre
 14720 | D:12     | Noticed an ogre mage
 14720 | D:12     | Noticed a two-headed ogre
 14720 | D:12     | Noticed a two-headed ogre
 14729 | D:12     | Noticed a two-headed ogre
 14732 | D:12     | Killed a two-headed ogre
 14737 | D:12     | Killed a two-headed ogre
 14737 | D:12     | Reached XP level 13. HP: 65/65 MP: 14/14
 14850 | D:12     | Found Ciaqarodd's Assorted Antiques.
 14856 | D:12     | Bought a pitted hand crossbow for 297 gold pieces
 14856 | D:12     | Bought a scroll labeled VAMERIR MOEDOCLATO for 35 gold
                  | pieces
 14856 | D:12     | Bought a murky blue potion for 31 gold pieces
 14856 | D:12     | Bought a potion of curing for 105 gold pieces
 14856 | D:12     | Bought a jewelled bronze wand for 140 gold pieces
 14856 | D:12     | Bought a scroll of identify for 70 gold pieces
 14856 | D:12     | Bought a potion of haste for 350 gold pieces
 14856 | D:12     | Bought a potion of curing for 105 gold pieces
 14856 | D:12     | Bought a scroll of teleportation for 105 gold pieces
 14859 | D:12     | Identified the +6 hand crossbow of the Present {penet,
                  | Str+2 Int-5 Stlth+} (You bought it in a shop on level 12 of
                  | the Dungeon)
 15286 | D:12     | Reached skill level 1 in Crossbows
 15812 | D:12     | Found a gate to the Vaults.
 16218 | Lair:1   | Entered Level 1 of the Lair of Beasts
 16258 | Lair:1   | Got a pitted short sword
 16434 | Lair:1   | Found a sparkling altar of Nemelex Xobeh.
 16791 | Lair:1   | Noticed Urug
 16804 | Lair:1   | Killed Urug
 17655 | Lair:2   | Found a staircase to the Snake Pit.
 17693 | Lair:2   | Reached skill level 5 in Crossbows
 17699 | Lair:2   | Reached XP level 14. HP: 29/72 MP: 15/15
 18337 | Lair:3   | Noticed Sonja
 18345 | Lair:3   | Killed Sonja
 18491 | Lair:3   | Noticed Rupert
 18536 | Lair:3   | Killed Rupert
 18647 | Lair:3   | Found a staircase to the Swamp.
 20673 | Lair:5   | Noticed Snorg
 20684 | Lair:5   | Killed Snorg
 20826 | Lair:5   | Identified the cursed +1 short sword of Xetedd {antimagic,
                  | MR+ Int+6 Dex-2} (You found it on level 1 of the Lair of
                  | Beasts)
 20867 | Lair:5   | Found a frozen archway.
 20887 | IceCv    | Entered an ice cave
 21121 | IceCv    | Noticed a reaper
 21132 | IceCv    | Slain by a reaper

Skill      XL: |  1  2  3  4  5  6  7  8  9 10 11 12 13 14 |
---------------+-------------------------------------------+-----
Stealth        | 5 7 11 13 16 17 18 | 18.4
Fighting       | 1 2 3 4 5 7 8 |  8.3
Dodging        | 5 6 7 9 11 13 15 16 18 | 18.8
Maces & Flails | 2 5 6 7 8 9 10 11 | 11.0
Crossbows      | 5 6 |  6.5

Action                   |  1- 3 |  4- 6 |  7- 9 | 10-12 | 13-15 || total
-------------------------+-------+-------+-------+-------+-------++-------
Melee: Dagger            |   185 |    59 |    54 |       |       ||   298
       Short sword       |    81 |     3 |    66 |    95 |    56 ||   301
       Unarmed           |       |     9 |       |       |       ||     9
       Morningstar       |       |    37 |   154 |   408 |   303 ||   902
       Spear             |       |       |     7 |       |       ||     7
       Flail             |       |       |       |     8 |    10 ||    18
 Fire: Hunting sling     |    26 |    30 |    31 |    42 |       ||   129
       Hand crossbow     |       |       |       |       |   125 ||   125
Invok: Call Merchant     |       |       |     3 |     1 |       ||     4
Evoke: Wand              |       |       |       |    11 |     4 ||    15
  Use: Scroll            |     7 |     1 |    13 |     5 |     8 ||    34
       Potion            |     2 |       |     1 |     2 |     4 ||     9
 Stab: Sleeping          |    14 |     1 |    10 |    32 |    25 ||    82
       Distracted        |       |     1 |     1 |    11 |     7 ||    20
  Eat: Ration            |       |     2 |       |     2 |     2 ||     6
Armor: Robe              |    57 |    22 |    25 |    48 |    15 ||   167
       Skin              |       |     2 |       |       |       ||     2
Dodge: Dodged            |   227 |   121 |   146 |   467 |   337 ||  1298
Block: Other             |    21 |    27 |    56 |    95 |    75 ||   274
       Reflection        |       |     6 |     2 |     3 |       ||    11
